 Dungeon Crawl Stone Soup version 0.29-a0-643-ga013cefcf8 (webtiles) character file.

Game seed: 1961960243482380101

2156 DocClef the Fighter (level 9, -3/64 HPs)
             Began as a Tengu Fighter on June 19, 2022.
             Was a Believer of Okawaru.
             Slain by an orc warrior
             ... wielding a +0 short sword
              (10 damage)
             ... on level 7 of the Dungeon.
             The game lasted 00:09:23 (9606 turns).

DocClef the Fighter (Tengu Fighter)                 Turns: 9606, Time: 00:09:23

Health: -3/64      AC:  8    Str: 17      XL:     9   Next: 31%
Magic:  4/10       EV: 12    Int:  8 (9)  God:    Okawaru [**....]
Gold:   350        SH:  5    Dex: 16 (17) Spells: 8/8 levels left

rFire   + . .      SeeInvis +   a - +1 long sword
rCold   . . .      Faith    .   c - +0 buckler
rNeg    . . .      Spirit   .   d - +3 leather armour {rF+}
rPois   .          Reflect  .   (helmet restricted)
rElec   .          Harm     .   (no cloak)
rCorr   .          Rampage  .   h - +1 pair of gloves {infuse}
Will    .....      Clarity  +   (boots unavailable)
Stlth   +.........              e - amulet of the acrobat
HPRegen 0.20/turn               (no ring)
MPRegen 0.12/turn               (no ring)

@: flying quickly and evasively, quick
A: beak, talons 3, nimble flight, see invisible, clarity, MP-powered wands
a: Renounce Religion, Heroism


You were on level 7 of the Dungeon.
You worshipped Okawaru.
Okawaru was pleased with you.
You visited 2 branches of the dungeon, and saw 8 of its levels.

You collected 476 gold pieces.
You spent 126 gold pieces at shops.

Inventory:

Hand Weapons
 a - a +1 long sword (weapon)
Armour
 c - a +0 buckler (worn)
 d - a +3 leather armour of fire resistance (worn)
 h - a +1 pair of gloves of infusion (worn)
Jewellery
 e - an amulet of the acrobat (around neck)
 k - a ring of fire
 p - a ring of magical power
Wands
 g - a wand of mindburst (17)
 j - a wand of flame (17)
 m - a wand of quicksilver (5)
 n - a wand of charming (11)
Scrolls
 i - 3 scrolls of poison
 l - a scroll of teleportation
 s - 2 scrolls of enchant weapon
 t - 2 scrolls of identify
 u - 2 scrolls of blinking
 v - a scroll of fear
Potions
 b - a potion of invisibility
 f - a potion of mutation
 o - a potion of attraction
 q - a potion of brilliance
 r - a potion of heal wounds
 w - a potion of curing {unknown}


   Skills:
 - Level 11.1 Fighting
 + Level 6.3 Long Blades
 - Level 3.2 Armour
 - Level 3.0 Shields


You had 8 spell levels left.
You didn't know any spells.
Your spell library contained the following spells:

 Spells                   Type           Power      Damage    Failure   Level
 Magic Dart               Conj           0%         1d3       56%         1
 Blink                    Tloc           0%         N/A       71%         2
 Ensorcelled Hibernation  Hex/Ice        0%         N/A       71%         2
 Passwall                 Tmut/Erth      0%         N/A       71%         2
 Ignite Poison            Fire/Tmut/Pois 0%         N/A       90%         3
 Lesser Beckoning         Tloc           0%         N/A       90%         3
 Mephitic Cloud           Conj/Pois/Air  0%         N/A       90%         3
 Swiftness                Air            0%         N/A       90%         3
 Freezing Cloud           Conj/Ice/Air   0%         6-21      100%        5
 Manifold Assault         Tloc           0%         N/A       100%        5
 Call Imp                 Summ           Unusable   N/A       N/A         2

Dungeon Overview and Level Annotations

Branches:
Dungeon (7/15)             Temple (1/1) D:4

Altars:
Cheibriados
Elyvilon
Fedhas
Gozag
Kikubaaqudgha
Makhleb
Nemelex Xobeh
Okawaru
Qazlal
Ru
Uskayaw
Vehumet
Wu Jian
Xom
Yredelemnul
Zin
The Shining One
Beogh

Shops:
D:4 *   D:5 [

Annotations:
D:7 Dowan, Duvessa


Innate Abilities, Weirdness & Mutations

You have a beak for a mouth.
You have claws for feet.
Your magical nature lets you fly swiftly and evasively.
You have supernaturally acute eyesight. (SInv)
You possess an exceptional clarity of mind.
You expend magic power (3 MP) to strengthen your wands.


Message History

Dowan completely misses you.
You closely miss Dowan. Your kick misses Dowan. Dowan barely misses you.
You completely miss Dowan. You block Dowan's attack.
The orc warrior hits you with a +0 short sword!
You closely miss Dowan. Your kick misses Dowan.
Dowan hits you with a +0 dagger. You block the orc warrior's attack.
Dowan completely misses you.
Duvessa, Sister of Dowan comes into view.
She is wielding a +0 short sword.
You closely miss Dowan. Your kick misses Dowan.
The orc warrior hits you with a +0 short sword.
Dowan hits you but does no damage.
You slash Dowan! Your kick misses Dowan. You peck Dowan, but do no damage.
Dowan is heavily wounded.
The orc warrior hits you with a +0 short sword.
Dowan closely misses you.
You barely miss Dowan. You claw Dowan. You peck Dowan.
Dowan is almost dead.
The orc warrior hits you with a +0 short sword!
Dowan gestures at you while chanting.
The puff of frost hits you but does no damage.
You slash the orc warrior! Your kick misses the orc warrior.
Your peck misses the orc warrior.
The orc warrior is moderately wounded.
The orc warrior hits you with a +0 short sword.
You block Dowan's attack.
You hit the orc warrior.
You claw the orc warrior, but do no damage.
The orc warrior is heavily wounded.
The orc warrior hits you with a +0 short sword.
Dowan casts a spell.
Dowan blinks!
You block the orc warrior's attack.
The orc priest calls down the wrath of Beogh upon you.
Beogh smites you!
* * * LOW HITPOINT WARNING * * *
You slash the orc warrior! Your kick misses the orc warrior.
The orc warrior is almost dead.
Duvessa hits you with a +0 short sword!
* * * LOW HITPOINT WARNING * * *
The orc warrior hits you with a +0 short sword!
You die...

#...## .≈ ##.## .≈≈... #.# .≈≈._
#.# .≈≈. ##.# .≈. #..## e≈ #...#
##. ##..# #e# #..## #@# ##..#
#o# ...## #..## #†# ##......#
###..##### #o####........##
#........# ###..............###
#........###.........##.......#
##.....................##.......
#.<...........######...###......
#.......###########......###....


You could see Duvessa, an orc warrior, Dowan and an orc priest.

Vanquished Creatures
  Eustachio (D:4)
  Edmund (D:4)
  2 water moccasins
  4 ice beasts
  2 black bears
  2 ogres (D:6)
  A phantom (D:5)
  Blork the orc (D:4)
  A scorpion (D:5)
  3 howler monkeys (D:7)
  2 jellies
  4 orc priests
  A hound (D:6)
  4 iguanas
  4 orc wizards
  Robin (D:3)
  10 adders
  A river rat (D:3)
  A white imp (D:6)
  2 ufetubi
  A worm (D:2)
  3 dart slugs
  19 orcs
  3 endoplasms
  5 giant cockroaches
  15 goblins
  11 hobgoblins
  9 kobolds
  3 quokkas
  9 ball pythons
  9 bats
  2 frilled lizards
  7 rats
144 creatures vanquished.

Notes
Turn   | Place    | Note
-------+----------+-------------------------------------------
     0 | D:1      | DocClef the Tengu Fighter began the quest for the Orb.
     0 | D:1      | Reached XP level 1. HP: 14/14 MP: 2/2
   102 | D:1      | Reached XP level 2. HP: 16/19 MP: 3/3
   610 | D:1      | Reached skill level 4 in Fighting
   626 | D:1      | Found a faded altar of an unknown god.
   737 | D:1      | Reached XP level 3. HP: 11/24 MP: 4/4
  1921 | D:2      | Reached XP level 4. HP: 30/30 MP: 5/5
  2121 | D:3      | Reached skill level 5 in Fighting
  2199 | D:3      | Noticed Robin
  2458 | D:3      | Found a white marble altar of Elyvilon.
  2524 | D:3      | Found a basalt altar of Yredelemnul.
  2739 | D:3      | Found a shimmering altar of Xom.
  2782 | D:3      | Found a hide-covered altar of Uskayaw.
  2835 | D:3      | Gained mutation: Your magical nature lets you fly swiftly
                  | and evasively. [Tengu growth]
  2835 | D:3      | Reached XP level 5. HP: 19/36 MP: 6/6
  3485 | D:3      | HP: 1/36 [orc priest/nerve-wracking pain (10)]
  3487 | D:3      | Reached skill level 6 in Fighting
  3891 | D:3      | Killed Robin
  4054 | D:4      | Reached XP level 6. HP: 32/42 MP: 7/7
  4187 | D:4      | Noticed Edmund
  4294 | D:4      | Noticed Blork the orc
  4302 | D:4      | Killed Blork the orc
  4303 | D:4      | Reached skill level 7 in Fighting
  5319 | D:4      | Reached XP level 7. HP: 48/48 MP: 8/8
  5375 | D:4      | Found a staircase to the Ecumenical Temple.
  5392 | Temple   | Entered the Ecumenical Temple
  5603 | Temple   | Became a worshipper of Warmaster Okawaru
  5788 | D:4      | Noticed Eustachio
  5820 | D:4      | Gained mutation: You expend magic power (3 MP) to
                  | strengthen your wands. [potion of mutation]
  5820 | D:4      | Gained mutation: You possess an exceptional clarity of
                  | mind. [potion of mutation]
  5820 | D:4      | Gained mutation: You have supernaturally acute eyesight.
                  | (SInv) [potion of mutation]
  5829 | D:4      | Killed Eustachio
  5830 | D:4      | Reached skill level 8 in Fighting
  6098 | D:4      | Found Wusseeji's General Store.
  6185 | D:5      | Entered Level 5 of the Dungeon
  6185 | D:5      | Found an ancient bone altar of Kikubaaqudgha.
  6576 | D:5      | Reached skill level 9 in Fighting
  7133 | D:5      | Reached XP level 8. HP: 56/56 MP: 9/9
  7276 | D:5      | Found Sepamag's Armour Boutique.
  7281 | D:5      | Bought a +0 pair of gloves of infusion for 126 gold pieces
  7365 | D:5      | Reached * piety under Okawaru
  7421 | D:5      | Reached skill level 10 in Fighting
  7853 | D:4      | Killed Edmund
  8377 | D:6      | Reached ** piety under Okawaru
  8390 | D:6      | Reached skill level 11 in Fighting
  8784 | D:6      | Reached XP level 9. HP: 60/64 MP: 5/10
  8845 | D:6      | Found a glowing golden altar of the Shining One.
  9040 | D:6      | Reached skill level 5 in Long Blades
  9595 | D:7      | Noticed Dowan
  9597 | D:7      | Found a sparkling altar of Nemelex Xobeh.
  9600 | D:7      | Noticed Duvessa
  9606 | D:7      | Slain by an orc warrior

Illustrated notes

Levels and vault maps discovered:
D:1:      ncdulo_lavacross, layout_basic,
          hellmonk_ecumenical_altar_defaced_shrine, minmay_misc_feat_iff
D:2:      layout_basic
D:3:      layout_basic, kennysheep_ying_yang, nicolae_overflow_squiral,
          portal_sewer_entry_a, skrybe_limestone_x, minmay_crystal_water,
          minmay_fountain_box, uniq_robin
D:4:      layout_loops_cross, minmay_temple_entry_purple_smoke, serial_shops,
          shop, uniq_blork_the_orc, uniq_edmund, uniq_eustachio
D:5:      layout_loops_ring, kiku_gazebo_garden_becter, serial_shops,
          kennysheep_little_box, st_stairs_7
D:6:      layout_loops_ring, tso_oasis_becter
D:7:      layout_cave_pods, led_sif_pool, mainiacjoe_overflow_paths,
          dk_rats_in_the_wall, uniq_duvessa
Temple:   zaba_magenta_temple

Skill      XL: |  1  2  3  4  5  6  7  8  9 |
---------------+----------------------------+-----
Fighting       | 4 5 6 7 9 11 | 11.1
Long Blades    | 4 6 |  6.3
Armour         | |  3.2
Shields        | |  3.0

Action                   |  1- 3 |  4- 6 |  7- 9 || total
-------------------------+-------+-------+-------++-------
Melee: Long sword        |    70 |   172 |   235 ||   477
       Kick              |    22 |    46 |    74 ||   142
       Peck              |    12 |    26 |    51 ||    89
  Use: Scroll            |     7 |     1 |     6 ||    14
       Potion            |       |     1 |     6 ||     7
Armor: Scale mail        |    29 |    61 |    15 ||   105
       Leather armour    |       |       |    63 ||    63
Dodge: Dodged            |    25 |   125 |   128 ||   278
Block: Buckler           |    20 |    54 |    64 ||   138

Table legend: (Time is in decaauts)
 A = Elapsed time spent in this place.
 B = Non-inter-level travel time spent in this place.
 C = Inter-level travel time spent in this place.
 D = Time resting spent in this place.
 E = Time spent auto-exploring this place.
 F = Levels seen in this place.
 G = Mean time per level.
                   A        B        C        D        E       F      G
               +--------+--------+--------+--------+--------+-----+--------+
         Total |   9486 |   9080 |    406 |   1607 |   6025 |   8 | 1185.8 |
       Dungeon |   9265 |   8904 |    361 |   1607 |   5858 |   7 | 1323.6 |
        Temple |    220 |    175 |     45 |      0 |    167 |   1 |  220.0 |
               +--------+--------+--------+--------+--------+-----+--------+

Top non-repeatable levels by time:
     D:3: 2067 daAuts
     D:4: 1859 daAuts
     D:2: 1576 daAuts
     D:5: 1304 daAuts
     D:1: 1034 daAuts
     D:6: 898 daAuts
     D:7: 525 daAuts
  Temple: 220 daAuts
